Map: 킹스 코브 - 래더

Players

InZaNe

  • Race: Terran Terran
  • League: Grandmaster
  • Spawn Location: 5:00

TSGSolar (Solar) - Winner!

  • Race: Zerg Zerg
  • Spawn Location: 11:00

Event: HomeStory Cup XIX

VOD

Have the link to the VOD?

Description

Time

  • Played on: June 27, 2019, 9:11 a.m.
  • Length: 5:25

All games in this series

Show
View Real Time Build Order
Export as new Build Order

InZaNe Terran 

Build Orders: Hellion Opening, Reaper Expand 

Get SALT Encoding   

  12  0:00  SCV  
  13  0:12  SCV  
  14  0:17  Supply Depot  
  14  0:24  SCV  
  15  0:39  SCV  
  15  0:40  Barracks  
  16  0:43  Refinery  
  16  0:51  SCV  
  17  1:03  SCV  
  18  1:15  SCV  
  19  1:27  Orbital Command, Reaper  
  20  1:43  Command Center  
  20  1:53  SCV, Supply Depot  
  21  1:59  Marine  
  22  2:05  SCV  
  23  2:13  Factory  
  23  2:17  SCV  
  23  2:22  Barracks Reactor  
  24  2:29  SCV  
  25  2:42  SCV  
  26  2:45  Command Center  
  25  2:55  Orbital Command  
  26  3:03  Hellion  
  26  3:04  Hellion  
  29  3:07  Barracks Tech Lab  
  29  3:08  SCV  
  30  3:20  SCV  
  30  3:21  SCV  
  30  3:24  Hellion  
  30  3:25  Marine  
  30  3:26  Hellion  
  37  3:32  SCV  
  37  3:33  SCV  
  39  3:43  Marine  
  39  3:44  SCV  
  39  3:45  SCV  
  42  3:50  Hellion x2  
  46  3:57  Orbital Command, SCV  
  46  3:58  SCV  
  46  4:01  Starport  
  48  4:06  Marine  
  48  4:09  SCV  
  50  4:10  Refinery, SCV  
  50  4:11  Refinery  
  51  4:20  Factory Reactor, Engineering Bay  
  51  4:21  Engineering Bay  
  51  4:23  Engineering Bay  
  52  4:24  SCV x2  
  52  4:25  Marine, SCV  
  55  4:36  SCV x2  
  55  4:37  SCV  
  48  4:48  SCV x2  
  48  4:49  SCV  
  49  4:53  Starport Reactor  
  48  5:00  SCV x2  
  48  5:01  SCV  
  48  5:04  Barracks  
  51  5:07  Factory Tech Lab, Barracks  
  51  5:12  SCV x2  
Show
View Real Time Build Order
Export as new Build Order

TSGSolar Zerg - Winner!

Build Orders: Hatch First 

Get SALT Encoding   

  12  0:01  Drone  
  13  0:12  Overlord  
  13  0:18  Drone  
  14  0:31  Drone x2  
  16  0:50  Hatchery  
  16  0:53  Drone  
  16  0:56  Drone  
  17  0:59  Drone  
  18  1:10  Extractor  
  17  1:15  Spawning Pool  
  16  1:19  Drone  
  16  1:22  Drone  
  18  1:28  Drone  
  19  1:39  Drone  
  20  1:51  Overlord  
  20  2:02  Queen x2  
  20  2:03  Zergling x4  
  26  2:10  Metabolic Boost  
  26  2:21  Drone x2  
  28  2:29  Extractor  
  27  2:30  Drone  
  29  2:41  Drone, Hatchery  
  29  2:43  Drone  
  30  2:52  Queen  
  30  2:57  Overlord  
  32  3:00  Drone  
  32  3:02  Drone  
  32  3:05  Drone  
  35  3:11  Drone  
  36  3:16  Drone x2  
  36  3:18  Lair  
  38  3:21  Drone  
  38  3:23  Drone  
  38  3:25  Drone  
  41  3:29  Overlord  
  41  3:32  Zergling x2  
  42  3:36  Queen  
  42  3:41  Overlord  
  44  3:50  Zergling x10  
  48  3:58  Overlord  
  48  4:00  Zergling x2  
  48  4:01  Zergling x6  
  52  4:05  Zergling x2  
  52  4:06  Zergling x4  
  55  4:11  Queen  
  55  4:15  Overlord  
  57  4:24  Nydus Network  
  57  4:25  Zergling x6  
  57  4:28  Zergling x2  
  57  4:30  Zergling x2  
  61  4:31  Zergling x2  
  61  4:36  Zergling x4  
  62  4:42  Zergling x6  
  65  4:48  Zergling x2  
  65  4:49  Zergling x6  
  66  5:00  Nydus Canal  
  66  5:02  Zergling x8  
  66  5:05  Zergling x2  
Tags
 
Add a new tag
Caveats
  • Supply blocks, unpowered buildings, or Contaminate may cause inaccurate times.
  • Supply counts are checked every 10 seconds.